 Dungeon Crawl Stone Soup version 0.27-a0-1434-g6f15984924 (webtiles) character file.

Game seed: 5198596744871259370

1615498 Ge0ff the Warrior (level 27, 195/195 HPs)
             Began as a Vampire Arcane Marksman on July 3, 2021.
             Was the Champion of Okawaru.
             Escaped with the Orb
             ... and 3 runes on July 5, 2021!
             The game lasted 03:47:33 (84245 turns).

Ge0ff the Warrior (Vampire Arcane Marksman)        Turns: 84245, Time: 03:47:34

Health: 195/195    AC: 24    Str: 22    XL:     27
Magic:  51/51      EV: 21    Int: 15    God:    Okawaru [******]
Gold:   3300       SH: 21    Dex: 19    Spells: 40/56 levels left

rFire    + + .     SeeInvis +   a - +9 fustibalus (freeze)
rCold    + + +     Faith    .   G - +1 kite shield {rF+}
rNeg     + . .     Spirit   .   n - quicksilver dragon scales of Virtue {rN+ Will+ Slay+2}
rPois    +         Reflect  +   i - +2 helmet
rElec    +         Harm     .   A - +2 cloak {rPois}
rCorr    .         Rampage  .   Q - +2 pair of gloves {archery}
Will     +++++     Rnd*Rage +   J - +2 pair of boots "Pocaprill" {Str+2 Int-5 Dex+10}
Stlth    +.........             X - amulet "Esauzu" {Reflect rC+ Will++ Dex-3 SH+5 SInv}
HPRegen  0.62/turn              Z - ring "Athyask" {rElec MP+9 Dex-3 Slay+4}
MPRegen  0.32/turn              L - ring of Quczaoj {+Blink rElec rPois rF+ Str+3, =R}

@: healing quickly, studying 2 skills
A: alive, fangs 3, see invisible, vampiric 2, talons 1, berserk 1, cold
resistance 2, deformed body, frail 1, poison resistance
0: Orb of Zot
}: 3/15 runes: decaying, silver, gossamer
a: Exsanguinate, Renounce Religion, Evoke Blink, Heroism, Finesse


You escaped.
You worshipped Okawaru.
Okawaru was exalted by your worship.
You visited 11 branches of the dungeon, and saw 53 of its levels.
You also visited: Sewer, Bailey, Ice Cave and Volcano.

You collected 8928 gold pieces.
You spent 5628 gold pieces at shops.

Inventory:

Hand Weapons
 a - a +9 fustibalus of freezing (weapon)
 b - the +8 autumn katana {vorpal, Clar}
   (You took it off an orc warrior on level 5 of the Vaults)

   It inflicts extra damage upon your enemies.
   Clar:      It protects you against confusion.
 h - a +5 fustibalus of venom
Missiles
 f - 7 silver javelins
 g - 3 throwing nets {=f}
 r - 157 sling bullets (quivered ammo)
 v - 7 curare-tipped darts {=f}
 w - 741 stones
 C - 90 boomerangs
 D - 7 silver boomerangs
 Y - 14 javelins
Armour
 i - a +2 helmet (worn)
 n - the quicksilver dragon scales of Virtue (worn) {rN+ Will+ Slay+2}
   (Okawaru gifted it to you on level 3 of the Crypt)

   Slay:      It affects your accuracy & damage with ranged weapons and melee
   (+2).
   rN:        It protects you from negative energy.
   Will:      It increases your willpower.
 A - a +2 cloak of poison resistance (worn)
 G - a +1 kite shield of fire resistance (worn)
 J - the +2 pair of boots "Pocaprill" (worn) {Str+2 Int-5 Dex+10}
   (Okawaru gifted it to you on level 6 of the Lair of Beasts)

   Str:       It affects your strength (+2).
   Int:       It affects your intelligence (-5).
   Dex:       It affects your dexterity (+10).
 Q - a +2 pair of gloves of archery (worn)
Jewellery
 L - the ring of Quczaoj (right hand) {+Blink rElec rPois rF+ Str+3, =R}
   (You acquired it on level 3 of the Vaults)

   [ring of protection from fire]

   Str:       It affects your strength (+3).
   rF:        It protects you from fire.
   rElec:     It insulates you from electricity.
   rPois:     It protects you from poison.
   +Blink:    It lets you blink.
 X - the amulet "Esauzu" (around neck) {Reflect rC+ Will++ Dex-3 SH+5 SInv}
   (You acquired it on level 5 of the Lair of Beasts)

   [amulet of reflection]

   It reflects blocked missile attacks.
   Dex:       It affects your dexterity (-3).
   rC:        It protects you from cold.
   SInv:      It lets you see invisible.
   SH:        It affects your SH (+5).
   Will:      It greatly increases your willpower.
 Z - the ring "Athyask" (left hand) {rElec MP+9 Dex-3 Slay+4}
   (You took it off a deep elf annihilator on level 3 of the Elven Halls)

   [ring of slaying]

   Dex:       It affects your dexterity (-3).
   Slay:      It affects your accuracy & damage with ranged weapons and melee
   (+4).
   rElec:     It insulates you from electricity.
   MP:        It affects your magic capacity (+9).
Wands
 d - a wand of digging (9)
 j - a wand of acid (27)
 k - a wand of iceblast (25)
 p - a wand of paralysis (23)
 s - a wand of mindburst (51)
 P - a wand of polymorph (18)
Scrolls
 m - 3 scrolls of magic mapping
 y - 3 scrolls of immolation
 B - a scroll of blinking
 F - a scroll of fog
 S - a scroll of summoning
 T - 13 scrolls of teleportation
 V - 4 scrolls of vulnerability
Potions
 o - 11 potions of ambrosia
 q - 26 potions of curing
 z - a potion of brilliance
 H - 8 potions of haste {!q}
 I - 4 potions of invisibility
 K - 6 potions of magic {!q}
 M - 15 potions of might
 N - 7 potions of cancellation {!q}
 R - 2 potions of resistance {4 for trove}
 W - 10 potions of heal wounds {!q}
Miscellaneous
 c - a condenser vane
 l - a lightning rod (4/4)
 t - a tin of tremorstones (2/2)
 O - a box of beasts (inert)
 U - a phantom mirror (inert)


   Skills:
 - Level 18.0 Fighting
 - Level 15.7(18.9) Slings
 - Level 17.9(20.0) Throwing
 - Level 14.0 Armour
 - Level 15.0 Dodging
 - Level 15.0 Shields
 - Level 15.0 Spellcasting
 - Level 10.0 Conjurations
 - Level 10.0 Hexes
 - Level 7.0 Translocations
 - Level 15.0 Transmutations
 - Level 10.0 Earth Magic
 + Level 15.3 Invocations
 - Level 14.0 Evocations


You had 40 spell levels left.
You knew the following spells:

 Your Spells              Type           Power      Damage    Failure   Level
c - Blink                 Tloc           N/A        N/A       1%          2
g - Apportation           Tloc           64%        N/A       1%          1
k - Corona                Hex            45%        N/A       1%          1
w - Passwall              Tmut/Erth      40%        N/A       1%          2
y - Yara's Violent Unrav  Hex/Tmut       24%        3d11      1%          5
E - Irradiate             Conj/Tmut      24%        3d22      1%          5

Your spell library contained the following spells:

 Spells                   Type           Power      Damage    Failure   Level
 Beastly Appendage        Tmut           100%       N/A       1%          1
 Foxfire                  Conj/Fire      100%       2x1d9     1%          1
 Magic Dart               Conj           100%       1d8       1%          1
 Sandblast                Erth           82%        2d17      1%          1
 Shock                    Conj/Air       100%       1d9       1%          1
 Sting                    Tmut/Pois      100%       1d8       1%          1
 Ensorcelled Hibernation  Hex/Ice        52%        N/A       1%          2
 Searing Ray              Conj           82%        3d6       1%          2
 Slow                     Hex            41%        N/A       1%          2
 Static Discharge         Conj/Air       26%        N/A       1%          2
 Wereblood                Tmut           54%        N/A       1%          2
 Confusing Touch          Hex            41%        N/A       1%          3
 Dazzling Flash           Conj/Hex       82%        N/A       1%          3
 Gell's Gravitas          Tloc           16%        N/A       1%          3
 Lesser Beckoning         Tloc           16%        N/A       1%          3
 Portal Projectile        Hex/Tloc       72%        N/A       1%          3
 Spider Form              Tmut/Pois      16%        N/A       1%          3
 Stone Arrow              Conj/Erth      82%        3d12      1%          3
 Teleport Other           Tloc           32%        N/A       1%          3
 Tukima's Dance           Hex            41%        N/A       1%          3
 Cause Fear               Hex            20%        N/A       1%          4
 Fulminant Prism          Conj/Hex       20%        3d13      1%          4
 Leda's Liquefaction      Hex/Erth       20%        N/A       1%          4
 Petrify                  Tmut/Erth      48%        N/A       1%          4
 Blade Hands              Tmut           27%        N/A       1%          5
 Iskenderun's Mystic Bla  Conj/Tloc      36%        2d9       2%          4
 Conjure Flame            Conj/Fire      26%        6-21      3%          3
 Ignite Poison            Fire/Tmut/Pois 26%        N/A       3%          3
 Inner Flame              Hex/Fire       26%        N/A       3%          3
 Summon Guardian Golem    Hex/Summ       26%        N/A       3%          3
 Ice Form                 Ice/Tmut       33%        N/A       3%          4
 Iskenderun's Battlesphe  Conj           41%        2d9       3%          5
 Lee's Rapid Deconstruct  Erth           20%        3d13*     3%          5
 Passage of Golubria      Tloc           N/A        N/A       4%          4
 Mephitic Cloud           Conj/Pois/Air  21%        N/A       6%          3
 Statue Form              Tmut/Erth      32%        N/A       8%          6
 Freeze                   Ice            44%        1d6       9%          1
 Pain                     Necr           44%        1d6       9%          1
 Summon Small Mammal      Summ           44%        N/A       9%          1
 Animate Armour           Summ/Erth      52%        N/A       11%         4
 Hailstorm                Conj/Ice       26%        3d7       11%         4
 Sticky Flame             Conj/Fire      26%        2d5       11%         4
 Alistair's Intoxication  Tmut/Pois      22%        N/A       11%         5
 Call Imp                 Summ           11%        N/A       12%         2
 Corpse Rot               Necr/Air       N/A        N/A       12%         2
 Poisonous Vapours        Pois/Air       22%        N/A       12%         2
 Manifold Assault         Tloc           32%        N/A       13%         5
 Bolt of Magma            Conj/Fire/Erth 15%        4d9       16%         5
 Invisibility             Hex            20%        N/A       21%         6
 Iron Shot                Conj/Erth      20%        9d5       21%         6
 Call Canine Familiar     Summ           11%        N/A       24%         3
 Frozen Ramparts          Ice            22%        1d4       24%         3
 Ozocubu's Armour         Ice            11%        N/A       24%         3
 Swiftness                Air            11%        N/A       24%         3
 Vampiric Draining        Necr           5%         2d6       24%         3
 Borgnjor's Vile Clutch   Necr/Erth      13%        N/A       28%         5
 Lightning Bolt           Conj/Air       13%        1d26      28%         5
 Metabolic Englaciation   Hex/Ice        13%        N/A       28%         5
 Silence                  Hex/Air        13%        N/A       28%         5
 Summon Mana Viper        Hex/Summ       26%        N/A       28%         5
 Summon Forest            Summ/Tloc      10%        N/A       47%         5
 Freezing Cloud           Conj/Ice/Air   10%        6-21      52%         5
 Airstrike                Air            5%         N/A       63%         4
 Animate Dead             Necr           5%         N/A       63%         4
 Dispel Undead            Necr           11%        3d9       63%         4
 Olgreb's Toxic Radiance  Pois           11%        N/A       63%         4
 Summon Ice Beast         Ice/Summ       11%        N/A       63%         4
 Summon Lightning Spire   Summ/Air       11%        N/A       63%         4
 Orb of Destruction       Conj           20%        9d9       75%         7
 Conjure Ball Lightning   Conj/Air       13%        3x3d6     85%         6
 Starburst                Conj/Fire      13%        8x6d5     85%         6
 Agony                    Necr           11%        N/A       92%         5
 Excruciating Wounds      Necr           5%         N/A       92%         5
 Storm Form               Tmut/Air       16%        N/A       97%         7
 Death Channel            Necr           5%         N/A       100%        6
 Shadow Creatures         Summ           N/A        N/A       100%        6
 Simulacrum               Ice/Necr       5%         N/A       100%        6
 Haunt                    Necr/Summ      5%         N/A       100%        7
 Monstrous Menagerie      Summ           5%         N/A       100%        7
 Ozocubu's Refrigeration  Ice            5%         4d6       100%        7
 Summon Hydra             Summ           5%         N/A       100%        7
 Discord                  Hex            20%        N/A       100%        8
 Disjunction              Tloc           16%        N/A       100%        8
 Infestation              Necr           5%         N/A       100%        8
 Lehudib's Crystal Spear  Conj/Erth      20%        10d6      100%        8
 Maxwell's Capacitive Co  Air            5%         ∞         100%        8
 Chain Lightning          Conj/Air       13%        3d17      100%        9
 Fire Storm               Conj/Fire      13%        8d3       100%        9
 Polar Vortex             Ice            5%         N/A       100%        9
 Shatter                  Erth           20%        3d18*     100%        9
 Sublimation of Blood     Necr           Unusable   N/A       N/A         2

Dungeon Overview and Level Annotations

Branches:
Dungeon (15/15)            Temple (1/1) D:7            Lair (6/6) D:10
  Swamp (4/4) Lair:4       Spider (4/4) Lair:3        Slime (0/5) Lair:6
    Orc (2/2) D:11            Elf (3/3) Orc:2        Vaults (5/5) D:13
  Crypt (3/3) Vaults:3       Tomb (0/3) Crypt:3      Depths (5/5) D:15
    Zot (5/5) Depths:5      Sewer (visited)          Bailey (visited)
  IceCv (visited)         Volcano (visited)

Altars:
Ashenzari
Cheibriados
Dithmenos
Elyvilon
Fedhas
Gozag
Hepliaklqana
Kikubaaqudgha
Makhleb
Nemelex Xobeh
Okawaru
Qazlal
Ru
Sif Muna
Trog
Uskayaw
Vehumet
Wu Jian
Xom
Yredelemnul
Zin
The Shining One
Beogh

Shops:
D:5 ([   D:7 *   D:8 :   D:12 [[(:   Orc:2 (!*(   Elf:2 [   Vaults:4 [*
Zot:5 *

Portals:
Hell: Depths:1 Depths:2 Depths:3 Depths:4 Depths:5
Abyss: Crypt:3 Depths:4
Pandemonium: Depths:3 Depths:5
Ziggurat: Depths:1
Trove: D:13 (give 4 potions of resistance)

Annotations:
Zot:5 1 exclusion


Innate Abilities, Weirdness & Mutations

Your natural rate of healing is accelerated.
You have razor-sharp teeth.
You have supernaturally acute eyesight. (SInv)
You are afflicted with vampirism and can become a bat while bloodless.
You have sharp toenails.
You tend to lose your temper in combat.
Your flesh is very cold resistant. (rC++)
Armour fits poorly on your strangely shaped body.
You are frail. (-10% HP)
Your system is resistant to poisons. (rPois)


Message History

(H) Hell (Z) Zot
Where to? (Enter - D:1 @ (x,y), ? - help)
What level of the Dungeon? (default 1, ? - help)
You see here a +0 shortbow.
Your extra speed is starting to run out.
There is an open door here.
You open the door.
There is an open door here.
You feel yourself slow down.
Magic restored.
There is an open door here.
There is an open door here.
There is an escape hatch in the ceiling here.
A mysterious force pulls you upwards. The hatch slams shut behind you.
You feel a little less clever now.
You see here a +0 robe.
There is a stone staircase leading up here.
You climb upwards.
There is a stone staircase leading down here.
There is a stone staircase leading down here.
Things that are here:
a +0 robe; a +0 short sword
Things that are here:
a +0 robe; a +1 trident; a +0 robe
Things that are here:
a +0 robe; a +4 long sword
There is an escape hatch in the ceiling here.
A mysterious force pulls you upwards. The hatch slams shut behind you.
You see here a +0 whip.
There is an escape hatch in the ceiling here.
A mysterious force pulls you upwards. The hatch slams shut behind you.
There is a stone staircase leading up here.
You climb upwards.
There is a stone staircase leading down here.
There is a stone staircase leading up, spattered with blood here.
You climb upwards.
There is a stone staircase leading down here.
There is a stone staircase leading down here.
There is a stone staircase leading up here.
You climb upwards.
There is a stone staircase leading down here.
There is a stone staircase leading up here.
You climb upwards.
There is a stone staircase leading down here.
Things that are here:
a +0 dagger; a +0 whip
There is an open door here.
There is a staircase leading out of the dungeon here.
Unknown command.
You have escaped!

#.### #.#
#...####.#
###......###
###...#.'.# #####
#.......#.# ....#
#.......#.#
....###.......#.#
..............#.##
....###.......'.@#
....# #.......#.##
....# #.......#.#
##### #########.#
##########....#.#
...........##.'.#
#################
## .##


There were no monsters in sight!

Vanquished Creatures
  2 dread liches
  3 orbs of fire
  A juggernaut (Zot:2)
  6 ancient liches
  The ghost of Docw the Sensei, a legendary DETm of Kikubaaqudgha (Crypt:3)
  A Killer Klown (Zot:5)
  Xtahua (Vaults:3)
  4 curse toes
  A caustic shrike (Depths:2)
  5 golden dragons
  A profane servitor (Crypt:3)
  Nikola (Swamp:1)
  the Enchantress (Depths:2)
  3 bone dragons
  4 electric golems
  Jorgrun (Swamp:3)
  Rupert (Lair:3)
  24 tentacled monstrosities
  3 deep elf blademasters
  13 Orb Guardians
  6 quicksilver dragons
  9 liches
  6 titans
  A deep elf master archer (Elf:3)
  Kirke (Lair:5)
  2 sphinxes
  15 ancient champions
  15 death cobs
  2 thorn hunters
  Agnes (Spider:1)
  A tentacled starspawn (Crypt:3)
  6 draconian monks
  10 tengu reavers
  7 shadow dragons
  24 storm dragons
  2 revenants
  Roxanne (Swamp:2)
  10 frost giants
  16 fire giants
  6 draconian knights
  2 iron dragons
  9 vault wardens
  9 ghost moths
  7 deep elf sorcerers
  9 draconian scorchers
  4 emperor scorpions (Spider:4)
  3 balrugs
  4 ghouls
  5 orc warlords
  7 draconian stormcallers
  2 deep elf elementalists (Elf:3)
  19 ironbound preservers
  5 draconian shifters
  4 spriggan defenders
  10 draconian annihilators
  The ghost of funkygono the Slicer, a journeyman GnFi of Okawaru (Orc:1)
  A juggernaut skeleton (Crypt:1)
  39 very ugly things
  13 stone giants
  3 deep elf demonologists (Elf:3)
  7 vampire knights
  14 deep elf annihilators
  21 white draconians
  15 green draconians
  14 purple draconians
  21 black draconians
  13 yellow draconians
  4 spark wasps
  2 eidola
  15 red draconians
  4 dire elephants (Vaults:1)
  4 entropy weavers
  4 bunyips
  7 ettins
  4 eleionomae
  12 deep elf death magi
  A blizzard demon (Depths:5)
  A merfolk javelineer (Depths:4)
  10 fire dragons
  16 jiangshi
  Josephine (Orc:1)
  2 green deaths (Swamp:4)
  9 deep elf high priests
  15 yaktaur captains
  2 mummy priests (Crypt:3)
  3 crystal guardians
  30 vault guards
  5 ironbound thunderhulks
  4 ice dragons (Depths:2)
  A great orb of eyes (shapeshifter) (Vaults:5)
  11 great orbs of eyes
  9 spriggan air magi
  4 rakshasas
  2 boulder beetles
  4 ironbound frosthearts
  14 hydras
  Erica (D:8)
  3 catoblepae
  3 death knights
  2 peacekeepers
  17 centaur warriors
  24 dancing weapons
  3 two-headed ogres (D:12)
  10 deep troll shamans
  A two-headed ogre (shapeshifter) (Vaults:5)
  3 hell hogs (Depths:1)
  A death yak (IceCv)
  4 orc high priests
  4 alligators
  3 tengu warriors
  9 vampire magi
  A large abomination (Swamp:4)
  9 deep troll earth magi
  3 soul eaters
  11 spriggan berserkers
  11 deep elf knights
  25 hell knights
  Nergalle (Lair:4)
  4 ironbound beastmasters (Vaults:1)
  2 thrashing horrors (Crypt:3)
  Urug (Lair:2)
  4 sun demons (Depths:1)
  A storm dragon zombie (Crypt:1)
  14 iron trolls
  3 shadow wraiths
  32 skeletal warriors
  2 goliath frogs
  6 spriggan druids
  A gelid demonspawn (Depths:3)
  4 glowing orange brains
  2 infernal demonspawn (Depths:3)
  69 deep trolls
  4 swamp dragons (Swamp:4)
  13 bog bodies
  11 wizards
  9 flayed ghosts
  A golden dragon zombie (Depths:1)
  10 phantasmal warriors
  An anaconda zombie (Crypt:3)
  17 orc knights
  11 necromancers
  A shadow dragon zombie (Depths:1)
  3 lindwurms
  14 deep elf pyromancers
  Pikel (D:8)
  4 harpies
  28 deep elf zephyrmancers
  13 deep elf archers
  15 orb spiders
  2 wolf spider zombies
  16 ironbound convokers
  3 stone giant zombies
  A sphinx zombie (Crypt:1)
  4 will-o-the-wisps (Swamp:4)
  A harpy (shapeshifter) (Elf:1)
  The ghost of Ycrey the Covert, a novice FeBe of Trog (Lair:1)
  3 cyclopes
  An orb spider (shapeshifter) (D:15)
  7 orc sorcerers
  A draconian (Zot:2)
  31 wolf spiders
  A manticore (shapeshifter) (Depths:3)
  70 ugly things
  3 fire giant zombies
  6 oklob plants
  6 manticores
  A centaur zombie (D:11)
  2 sphinx skeletons
  2 stone giant skeletons
  22 moths of wrath
  A toenail golem (Volcano)
  An iron dragon skeleton (Crypt:1)
  Maurice (D:10)
  25 vault sentinels
  A guardian serpent (shapeshifter) (D:13)
  6 black mambas
  A rust devil (Depths:1)
  Joseph (D:7)
  A titan simulacrum (Vaults:1)
  A cane toad (shapeshifter) (D:13)
  2 molten gargoyles (Volcano)
  An apocalypse crab (Crypt:3)
  An ice statue (IceCv)
  4 smoke demons
  A gargoyle (D:14)
  4 orange demons (Swamp:4)
  An alligator snapping turtle zombie (Crypt:3)
  4 torpor snails
  An eye of devastation (shapeshifter) (Vaults:5)
  9 cane toads
  5 rime drakes
  An emperor scorpion zombie (Crypt:1)
  Psyche (D:8)
  2 kobold demonologists (D:11)
  A tormentor (Zot:1)
  A pale draconian zombie (Crypt:3)
  4 efreet
  17 komodo dragons
  2 catoblepas zombies
  9 demonic crawlers
  6 freezing wraiths
  2 guardian mummies (Crypt:3)
  An ice devil (Depths:3)
  2 human zombies
  27 yaktaurs
  A tengu conjurer (Depths:1)
  2 red devils
  5 bloated husks
  A queen bee (D:12)
  8 tyrant leeches
  4 trolls
  35 jumping spiders
  37 hornets
  3 meliai (D:12)
  21 polar bears
  11 blink frogs
  Prince Ribbit (D:8)
  A tarantella zombie (Crypt:1)
  40 slime creatures
  2 dream sheep
  A human simulacrum (Vaults:1)
  A meliai zombie (D:11)
  A guardian serpent skeleton (Crypt:1)
  A black mamba zombie (Crypt:1)
  2 redbacks (shapeshifter)
  An ice dragon skeleton (Depths:1)
  An ettin skeleton (Crypt:2)
  4 flying skulls (Crypt:1)
  36 tarantellas
  4 vampires
  71 redbacks
  41 spriggans
  An alligator skeleton (Crypt:3)
  A shadow (Swamp:4)
  A wind drake zombie (Crypt:1)
  7 wyverns
  7 water elementals
  3 ushabtiu (Crypt:3)
  Eustachio (D:3)
  3 fire bats (Lair:3)
  A hog (Lair:5)
  2 neqoxecs
  63 yaks
  A black mamba skeleton (Crypt:2)
  4 golden eyes (Depths:1)
  Grum (D:9)
  13 wraiths
  6 fire elementals
  A chaos spawn (Depths:5)
  2 steam dragons
  17 vampire mosquitoes
  A catoblepas simulacrum (Crypt:1)
  A fire bat (shapeshifter) (Crypt:3)
  3 wargs
  14 swamp worms
  15 water moccasins
  A gelid demonspawn skeleton (Crypt:3)
  A torturous demonspawn skeleton (Crypt:2)
  11 starcursed masses (Crypt:3)
  2 swamp drakes
  2 sky beasts
  33 orc warriors
  6 black bears
  2 necrophages
  2 ice beasts
  A black bear (shapeshifter) (D:13)
  12 ogres
  36 wolves
  12 boggarts
  A human skeleton (Vaults:1)
  17 centaurs
  A lemure (D:8)
  2 phantoms
  A hog skeleton (Crypt:1)
  12 bullfrogs
  4 kobold brigands
  An octopode zombie (Crypt:1)
  A gnoll sergeant (D:6)
  A scorpion (D:4)
  3 earth elementals
  A scorpion (shapeshifter) (Vaults:5)
  A yaktaur skeleton (Crypt:3)
  A water moccasin zombie (D:6)
  A wyvern skeleton (D:7)
  A water moccasin skeleton (D:4)
  20 killer bees
  A spriggan skeleton (Crypt:1)
  A troll skeleton (Crypt:1)
  5 wights (D:7)
  A polar bear skeleton (Crypt:3)
  2 electric eels
  A bullfrog zombie (D:6)
  2 centaur skeletons
  13 orc priests
  A bullfrog skeleton (D:6)
  4 jellies
  4 iguanas
  22 orc wizards
  An acid dragon skeleton (Crypt:2)
  A howler monkey zombie (D:9)
  18 gnolls
  12 adders
  3 river rats (D:5)
  A shadow imp (D:8)
  13 white imps
  An ufetubus (D:6)
  An adder zombie (Crypt:2)
  An adder skeleton (D:4)
  8 worms
  2 dart slugs
  53 orcs
  11 ball pythons
  5 bats
  3 endoplasms
  7 giant cockroaches
  8 goblins
  14 hobgoblins
  10 jackals
  7 quokkas
  8 frilled lizards
  A giant cockroach zombie (Crypt:3)
  58 kobolds
  6 rats
  2 rat skeletons (Crypt:3)
  A rat zombie (Crypt:2)
  A bush (Lair:5)
  2 fire vortices (Volcano)
  A lurking horror (Crypt:3)
2473 creatures vanquished.

Vanquished Creatures (collateral kills)
  An orb spider (Spider:3)
  A rime drake (IceCv)
  A yak (IceCv)
  A water moccasin (D:5)
4 creatures vanquished.

Vanquished Creatures (others)
  A fire giant (Depths:3)
  A will-o-the-wisp (Swamp:4)
  A molten gargoyle (Volcano)
  A hellion (Depths:1)
  A hornet (Swamp:2)
  A polar bear (IceCv)
  3 humans (Lair:5)
  A yak (IceCv)
  A vampire mosquito (Swamp:2)
  A wolf (IceCv)
  3 bushes
  14 foxfires (Swamp:4)
  18 fungi
  64 plants
  7 starspawn tentacles (Crypt:3)
118 creatures vanquished.

Grand Total: 2595 creatures vanquished

Notes
Turn   | Place    | Note
-------+----------+-------------------------------------------
     0 | D:1      | Ge0ff the Vampire Arcane Marksman began the quest for the
                  | Orb.
     0 | D:1      | Reached XP level 1. HP: 14/14 MP: 2/2
   155 | D:1      | Reached XP level 2. HP: 19/20 MP: 3/3
   574 | D:1      | Gained mutation: You are afflicted with vampirism and can
                  | become a bat while bloodless. [Vampire growth]
   574 | D:1      | Reached XP level 3. HP: 25/25 MP: 4/4
  1106 | D:2      | Reached XP level 4. HP: 26/31 MP: 5/5
  1561 | D:2      | Reached skill level 1 in Fighting
  1758 | D:3      | Found a faded altar of an unknown god.
  2241 | D:3      | Noticed a kobold brigand
  2253 | D:3      | Killed a kobold brigand
  2254 | D:3      | Reached skill level 1 in Armour
  2254 | D:3      | Reached XP level 5. HP: 28/37 MP: 6/6
  2683 | D:3      | Reached skill level 5 in Slings
  2742 | D:3      | Reached XP level 6. HP: 42/43 MP: 7/7
  3217 | D:4      | Reached skill level 2 in Fighting
  3217 | D:4      | Reached XP level 7. HP: 43/50 MP: 8/8
  3885 | D:4      | Reached skill level 3 in Fighting
  4084 | D:5      | Entered Level 5 of the Dungeon
  4357 | D:5      | Found a glowing drain.
  4370 | Sewer    | Entered a sewer
  4674 | Sewer    | Identified the amulet "Xuqo Loca" {Harm rC- Will- Regen+
                  | Str+5}
  4972 | D:5      | Reached XP level 8. HP: 53/58 MP: 9/9
  5278 | D:5      | Noticed Eustachio
  5625 | D:5      | Found Vuineu Kaxirgh's Armour Boutique.
  6273 | D:5      | Bought the +0 scale mail "Puqe" {Regen+ Str+5 Dex+4} for
                  | 328 gold pieces
  6297 | D:5      | Found Joephe's Weapon Shoppe.
  6882 | D:5      | Found Vuineu Kaxirgh's Armour Boutique.
  6927 | D:5      | Found Joephe's Weapon Shoppe.
  7465 | D:6      | Reached skill level 4 in Fighting
  7479 | D:6      | Reached XP level 9. HP: 42/66 MP: 10/10
  7817 | D:6      | Identified a scroll of acquirement
  7835 | D:6      | Reached skill level 5 in Fighting
  7871 | D:5      | Bought 2 curare-tipped darts for 14 gold pieces
  7871 | D:5      | Bought 11 stones for 13 gold pieces
  7871 | D:5      | Acquired a +2 pair of boots of flying
  8083 | D:6      | Reached skill level 1 in Evocations
  8990 | D:7      | Found a staircase to the Ecumenical Temple.
  9006 | Temple   | Entered the Ecumenical Temple
  9175 | Temple   | Became a worshipper of Warmaster Okawaru
  9390 | D:7      | Found Weylaakips's Assorted Antiques.
  9400 | D:7      | Bought a fuming yellow potion for 22 gold pieces
  9503 | D:3      | Killed Eustachio
  9696 | D:7      | Noticed Joseph
  9719 | D:7      | Killed Joseph
  9719 | D:7      | Reached * piety under Okawaru
  9720 | D:7      | Reached skill level 5 in Armour
  9720 | D:7      | Reached XP level 10. HP: 74/74 MP: 11/11
 10346 | D:8      | Noticed Pikel
 10366 | D:8      | Killed Pikel
 10367 | D:8      | Reached skill level 10 in Slings
 10381 | D:8      | Found an opulent altar of Gozag.
 10413 | D:8      | Noticed Psyche
 10424 | D:8      | Killed Psyche
 10424 | D:8      | Reached ** piety under Okawaru
 10426 | D:8      | Noticed Prince Ribbit
 10443 | D:8      | Killed Prince Ribbit
 10444 | D:8      | Reached skill level 1 in Invocations
 10663 | D:8      | Found a broken altar of Ashenzari.
 10841 | D:8      | Noticed Erica
 10863 | D:8      | Killed Erica
 10904 | D:8      | Found Lunepn's Book Boutique.
 11473 | D:9      | Noticed Grum
 11517 | D:9      | Killed Grum
 11963 | D:9      | Paralysed by a hornet for 1 turns
 12313 | D:10     | Entered Level 10 of the Dungeon
 12610 | D:10     | Reached XP level 11. HP: 70/79 MP: 11/14
 12790 | D:10     | Reached *** piety under Okawaru
 13026 | D:10     | Received a gift from Okawaru
 13399 | D:10     | Found a staircase to the Lair.
 13402 | D:10     | Noticed Maurice
 13412 | D:10     | Killed Maurice
 13626 | D:10     | Received a gift from Okawaru
 13821 | D:10     | Found a shimmering altar of Xom.
 13822 | D:10     | Found a hazy altar of Hepliaklqana.
 13823 | D:10     | Noticed a two-headed ogre
 13903 | D:11     | Reached skill level 5 in Invocations
 14059 | D:11     | Found a frozen archway.
 14091 | IceCv    | Entered an ice cave
 14174 | IceCv    | Received a gift from Okawaru
 14552 | IceCv    | Identified the +6 chain mail "Zazurext" {rPois rF+ Int+3}
 14654 | IceCv    | Reached skill level 6 in Fighting
 14719 | IceCv    | Reached skill level 5 in Dodging
 14880 | IceCv    | Reached **** piety under Okawaru
 15055 | IceCv    | Reached XP level 12. HP: 80/88 MP: 16/16
 15174 | IceCv    | Received a gift from Okawaru
 15211 | IceCv    | Noticed a white draconian
 15211 | IceCv    | Noticed a death yak
 15222 | IceCv    | Killed a death yak
 15227 | IceCv    | Received a gift from Okawaru
 15238 | IceCv    | Killed a white draconian
 15933 | D:11     | Received a gift from Okawaru
 15940 | D:11     | Found a staircase to the Orcish Mines.
 16550 | D:11     | Found a blossoming altar of Fedhas.
 16687 | Lair:1   | Entered Level 1 of the Lair of Beasts
 16701 | Lair:1   | Received a gift from Okawaru
 16702 | Lair:1   | Reached skill level 7 in Fighting
 16838 | Lair:1   | Reached skill level 5 in Evocations
 17002 | Lair:1   | Received a gift from Okawaru
 17143 | Lair:1   | Found a runed translucent door.
 17147 | Lair:1   | Found a shimmering altar of Xom.
 17147 | Lair:1   | Noticed Ycrey's ghost (novice FeBe)
 17586 | Lair:1   | Received a gift from Okawaru
 17607 | Lair:1   | Reached XP level 13. HP: 94/96 MP: 16/18
 18541 | Lair:2   | Reached ***** piety under Okawaru
 18614 | Lair:2   | Reached skill level 8 in Fighting
 18659 | Lair:2   | Noticed Urug
 18683 | Lair:2   | Killed Urug
 18683 | Lair:2   | Received a gift from Okawaru
 19458 | D:12     | Found Maatotz's Book Boutique.
 19723 | D:12     | Received a gift from Okawaru
 19916 | D:12     | Received a gift from Okawaru
 20054 | D:12     | Found Poar's Armour Shoppe.
 20062 | D:12     | Bought a +2 pair of gloves of archery for 387 gold pieces
 20468 | D:12     | Found Resan's Antique Weapon Shoppe.
 20536 | D:12     | Found Wisurch's Antique Armour Shoppe.
 20544 | D:12     | Bought a glowing cloak for 247 gold pieces
 20604 | D:13     | Acquired a +1 fustibalus of freezing
 20698 | D:13     | Reached skill level 9 in Fighting
 20774 | D:13     | Found a flagged portal.
 20800 | Bailey   | Entered a bailey
 21322 | D:13     | Received a gift from Okawaru
 21380 | D:13     | Found a gate to the Vaults.
 21640 | D:13     | Found a portal to a secret trove of treasure.
 21979 | D:14     | Reached XP level 14. HP: 108/108 MP: 19/19
 22023 | D:14     | Identified the +1 pair of gloves "Releatwo" {rPois rC-
                  | rCorr Dex+3} (Okawaru gifted it to you on level 14 of the
                  | Dungeon)
 22023 | D:14     | Received a gift from Okawaru
 22102 | D:14     | Acquired 941 gold pieces
 22733 | D:15     | Entered Level 15 of the Dungeon
 22882 | D:15     | Reached skill level 1 in Shields
 23025 | D:15     | Reached ****** piety under Okawaru
 23286 | D:15     | Identified the +11 battleaxe of Dohih {protect, *Slow rPois
                  | Int+4} (Okawaru gifted it to you on level 15 of the
                  | Dungeon)
 23286 | D:15     | Received a gift from Okawaru
 23435 | D:15     | Reached skill level 10 in Fighting
 24115 | D:15     | Found a staircase to the Depths.
 24326 | Orc:1    | Entered Level 1 of the Orcish Mines
 24446 | Orc:1    | Noticed Josephine
 24456 | Orc:1    | Killed Josephine
 24823 | Orc:1    | Found a large runed translucent door.
 24824 | Orc:1    | Found a large runed translucent door.
 24831 | Orc:1    | Noticed funkygono's ghost (journeyman GnFi)
 24872 | Orc:1    | Reached XP level 15. HP: 109/115 MP: 21/21
 25215 | Orc:1    | Killed funkygono's ghost
 25228 | Orc:1    | Got the Papyrus of the Entourage and the Glacier
 25245 | Orc:2    | Entered Level 2 of the Orcish Mines
 25584 | Orc:2    | Noticed an orc warlord
 25602 | Orc:2    | Killed an orc warlord
 25602 | Orc:2    | Received a gift from Okawaru
 25818 | Orc:2    | Found a staircase to the Elven Halls.
 26187 | Orc:2    | Reached skill level 10 in Evocations
 26462 | Orc:2    | Found Ceitz's Antique Weapon Shoppe.
 26462 | Orc:2    | Found Vaowirgh's Assorted Antiques.
 26464 | Orc:2    | Found Ymiytaun's Distillery.
 26464 | Orc:2    | Found Naatileu's Antique Weapon Shop.
 26471 | Orc:2    | Bought a scroll labelled UXKUIQU BYCUSO for 33 gold pieces
 26471 | Orc:2    | Bought a scroll of identify for 66 gold pieces
 26471 | Orc:2    | Bought a scroll of identify for 66 gold pieces
 26471 | Orc:2    | Bought a scroll of identify for 66 gold pieces
 26479 | Orc:2    | Bought a crude hunting sling for 188 gold pieces
 26479 | Orc:2    | Identified the +12 hunting sling of Ge0ff's Anguish {venom,
                  | Dex+2} (You bought it in a shop on level 2 of the Orcish
                  | Mines)
 26481 | Orc:2    | Bought a potion of degeneration for 17 gold pieces
 26527 | Orc:2    | Bought a scroll of enchant weapon for 247 gold pieces
 26733 | Lair:1   | Killed Ycrey's ghost
 26878 | Lair:3   | Found a hole to the Spider Nest.
 26911 | Lair:3   | Reached skill level 10 in Armour
 26992 | Lair:3   | Got Vehumet's Tome of Conjuration
 27018 | Lair:3   | Acquired a manual of Invocations
 27065 | Lair:3   | Found a dark tunnel.
 27113 | Volcano  | Entered a volcano
 27824 | Lair:3   | Identified the +1 buckler of Grim Joy {rC+ Dex+4}
 28107 | Lair:3   | Noticed Rupert
 28120 | Lair:3   | Killed Rupert
 28693 | Lair:4   | Noticed Nergalle
 28700 | Lair:4   | Killed Nergalle
 28835 | Lair:4   | Reached skill level 10 in Invocations
 29164 | Lair:4   | Found a staircase to the Swamp.
 29217 | Lair:4   | Identified the +4 longbow "Rojiod" {venom, rN++} (Okawaru
                  | gifted it to you on level 4 of the Lair of Beasts)
 29217 | Lair:4   | Received a gift from Okawaru
 29559 | Lair:4   | You are sucked into a shaft and drop 1 floor!
 30069 | Lair:5   | Noticed Kirke
 30082 | Lair:5   | Killed Kirke
 30345 | Lair:5   | Acquired the amulet "Esauzu" {Reflect rC+ Will++ Dex-3 SH+5
                  | SInv}
 30748 | Lair:6   | Entered Level 6 of the Lair of Beasts
 30948 | Lair:6   | Identified the +2 pair of boots "Pocaprill" {Str+2 Int-5
                  | Dex+10} (Okawaru gifted it to you on level 6 of the Lair of
                  | Beasts)
 30948 | Lair:6   | Received a gift from Okawaru
 30955 | Lair:6   | Reached skill level 10 in Dodging
 30955 | Lair:6   | Reached XP level 16. HP: 122/122 MP: 24/24
 31042 | Lair:6   | Found a staircase to the Slime Pits.
 31906 | Spider:1 | Entered Level 1 of the Spider Nest
 31906 | Spider:1 | Noticed Agnes
 31924 | Spider:1 | Killed Agnes
 32037 | Spider:1 | Reached skill level 11 in Fighting
 32894 | Spider:2 | Received a gift from Okawaru
 33037 | Spider:2 | You fall into a shaft and drop 1 floor!
 33353 | Spider:2 | Identified the +8 falchion "Caavuk" {freeze, Str+8 Int-4}
 33932 | Spider:3 | Reached skill level 12 in Fighting
 34959 | Spider:4 | Entered Level 4 of the Spider Nest
 35481 | Spider:4 | Reached XP level 17. HP: 133/133 MP: 26/26
 35843 | Spider:4 | Received a gift from Okawaru
 36657 | Spider:4 | Received a gift from Okawaru
 36777 | Spider:4 | Got a gossamer rune of Zot
 36981 | Swamp:1  | Entered Level 1 of the Swamp
 37187 | Swamp:1  | Noticed Nikola
 37199 | Swamp:1  | Killed Nikola
 37199 | Swamp:1  | Received a gift from Okawaru
 37753 | Swamp:2  | Received a gift from Okawaru
 37890 | Swamp:2  | Identified the +0 buckler "Vataeq" {Harm Fly}
 37951 | Swamp:2  | Learned a level 2 spell: Blink
 37988 | Swamp:2  | Received a gift from Okawaru
 38238 | Swamp:2  | Noticed Roxanne
 38724 | Swamp:2  | Killed Roxanne
 38773 | Swamp:3  | Received a gift from Okawaru
 38793 | Swamp:3  | Noticed Jorgrun
 38814 | Swamp:3  | Killed Jorgrun
 38822 | Swamp:3  | Reached skill level 5 in Hexes
 38822 | Swamp:3  | Reached skill level 1 in Translocations
 38850 | Swamp:3  | Identified the +0 pair of boots "Uppaazid" {-Tele Rampage
                  | rN+++ Stlth+} (Okawaru gifted it to you on level 3 of the
                  | Swamp)
 38850 | Swamp:3  | Received a gift from Okawaru
 39123 | Swamp:3  | Acquired a manual of Spellcasting
 39313 | Swamp:3  | Reached XP level 18. HP: 121/141 MP: 29/29
 39716 | Swamp:4  | Entered Level 4 of the Swamp
 40567 | Swamp:4  | Received a gift from Okawaru
 40571 | Swamp:4  | Reached skill level 5 in Spellcasting
 40583 | Swamp:4  | Noticed a tentacled monstrosity
 40605 | Swamp:4  | Killed a tentacled monstrosity
 40606 | Swamp:4  | Reached skill level 15 in Invocations
 40674 | Swamp:4  | Got a decaying rune of Zot
 41239 | Swamp:4  | Learned a level 1 spell: Apportation
 41572 | Elf:1    | Entered Level 1 of the Elven Halls
 41587 | Elf:1    | Identified the +6 mace "Kateiled" {freeze, Fly rPois rF+
                  | Dex+2}
 42124 | Elf:1    | Reached skill level 13 in Fighting
 42152 | Elf:1    | Identified the +1 flail of the Whale {vamp, rPois rCorr}
 42502 | Elf:1    | Received a gift from Okawaru
 42754 | Elf:2    | Found Numub's Armour Shop.
 43026 | Elf:2    | Received a gift from Okawaru
 43090 | Elf:2    | Reached XP level 19. HP: 149/149 MP: 30/30
 43208 | Elf:2    | Found a runed translucent gate.
 43208 | Elf:2    | Found a runed translucent gate.
 43208 | Elf:2    | Found a runed translucent gate.
 43605 | Elf:2    | Received a gift from Okawaru
 43634 | Elf:2    | Reached skill level 5 in Translocations
 44042 | Elf:3    | Entered Level 3 of the Elven Halls
 44512 | Elf:3    | Received a gift from Okawaru
 45070 | Elf:3    | Identified the +6 halberd of Zicyst {protect, Will+ Str+4
                  | Dex+4}
 45153 | Elf:3    | Identified the ring "Athyask" {rElec MP+9 Dex-3 Slay+4}
 45160 | Elf:3    | Identified the +8 flail "Goblinslayer" {flame, rC++ rCorr
                  | MP+9 Dex-4}
 45324 | Elf:3    | Got the Grimoire of Arcane Weapons
 45325 | Elf:3    | Identified the +4 fustibalus of the World {flame, rN+}
 45332 | Elf:3    | Got Vehumet's Incunabulum of Conjuration
 45358 | Elf:3    | Got the Volume of Unholy Rituals and Lightness
 45374 | Elf:3    | Got Kikubaaqudgha's Grimoire of Evil Secrets
 45507 | Elf:3    | Identified the +1 shadow dragon scales of the Vanishing
                  | Priests {rC+ Dex-2 SInv Stlth++++}
 46093 | Depths:1 | Entered Level 1 of the Depths
 46159 | Depths:1 | Received a gift from Okawaru
 46278 | Depths:1 | Found a gateway to Hell.
 46409 | Depths:1 | Reached XP level 20. HP: 158/158 MP: 33/33
 46415 | Depths:1 | Reached skill level 10 in Spellcasting
 46470 | Depths:1 | Learned a level 2 spell: Passwall
 46476 | Depths:1 | Learned a level 5 spell: Irradiate
 46705 | Depths:1 | Found a shimmering blue altar of Sif Muna.
 46760 | Depths:1 | Received a gift from Okawaru
 46771 | Depths:1 | Reached skill level 1 in Transmutations
 46900 | Depths:1 | Reached skill level 1 in Earth Magic
 46940 | Depths:1 | Reached skill level 1 in Conjurations
 47014 | Depths:1 | Reached skill level 14 in Fighting
 47022 | Depths:1 | Identified the +0 ring mail of a volcano {-Cast rF+ rC+
                  | Str+3 Stlth+} (Okawaru gifted it to you on level 1 of the
                  | Depths)
 47022 | Depths:1 | Received a gift from Okawaru
 47071 | Depths:1 | Found a gateway to a ziggurat.
 47372 | Depths:1 | Found a shimmering altar of Xom.
 47372 | Depths:1 | Found a shimmering altar of Xom.
 47376 | Depths:1 | Found a shimmering altar of Xom.
 47398 | Depths:1 | Found a shimmering altar of Xom.
 47398 | Depths:1 | Found a shimmering altar of Xom.
 47399 | Depths:1 | Found a shimmering altar of Xom.
 47851 | Depths:2 | Noticed a caustic shrike
 47869 | Depths:2 | Killed a caustic shrike
 48286 | Depths:2 | Got Bufumnix's Compendium of Bewitchment
 48325 | Depths:2 | Noticed the Enchantress
 48364 | Depths:2 | Killed the Enchantress
 48364 | Depths:2 | Received a gift from Okawaru
 48365 | Depths:2 | Reached skill level 15 in Slings
 48370 | Depths:2 | Reached skill level 5 in Transmutations
 48370 | Depths:2 | Received a gift from Okawaru
 48378 | Depths:2 | Reached skill level 15 in Dodging
 48666 | Depths:2 | Found a burning altar of Makhleb.
 49053 | Depths:2 | Reached XP level 21. HP: 148/165 MP: 35/35
 50575 | Depths:3 | Identified the +0 leather armour of Boiling Hail {Int+2
                  | Slay+3}
 50677 | Depths:3 | Received a gift from Okawaru
 50699 | Depths:3 | Found a one-way gate leading to the halls of Pandemonium.
 50989 | Depths:4 | Noticed a golden dragon
 51057 | Depths:3 | Reached skill level 5 in Conjurations
 51413 | Depths:4 | Found a one-way gate to the infinite horrors of the Abyss.
 51442 | Depths:4 | Reached skill level 5 in Earth Magic
 51461 | Depths:4 | Killed a golden dragon
 51555 | Depths:4 | Identified the +1 crystal plate armour of the Thunderstorm
                  | {Str+7 Int-3} (Okawaru gifted it to you on level 4 of the
                  | Depths)
 51555 | Depths:4 | Received a gift from Okawaru
 51697 | Depths:4 | Reached XP level 22. HP: 95/173 MP: 37/37
 52537 | Depths:5 | Entered Level 5 of the Depths
 52997 | Depths:5 | Received a gift from Okawaru
 53246 | Depths:5 | Identified the +8 hunting sling of the Devouring Saviour
                  | {speed, MP+9 Int+2} (Okawaru gifted it to you on level 5 of
                  | the Depths)
 53246 | Depths:5 | Received a gift from Okawaru
 53377 | Depths:5 | Found a gate to the Realm of Zot.
 54079 | D:12     | Bought a manual of Throwing for 1360 gold pieces
 54105 | Vaults:1 | Entered Level 1 of the Vaults
 54189 | Vaults:1 | Reached skill level 1 in Throwing
 54217 | Vaults:1 | Reached skill level 10 in Transmutations
 54516 | Vaults:1 | Received a gift from Okawaru
 55032 | Vaults:1 | Identified the +5 fustibalus "Zior" {freeze, rElec}
                  | (Okawaru gifted it to you on level 1 of the Vaults)
 55032 | Vaults:1 | Received a gift from Okawaru
 55063 | Vaults:1 | Reached skill level 15 in Fighting
 55448 | Vaults:1 | Reached XP level 23. HP: 181/181 MP: 39/39
 55809 | Vaults:2 | Identified the +3 buckler of Onwoll {Int+2} (Okawaru gifted
                  | it to you on level 2 of the Vaults)
 55809 | Vaults:2 | Received a gift from Okawaru
 55831 | Vaults:2 | Reached skill level 5 in Throwing
 57789 | Vaults:3 | Noticed Xtahua
 57805 | Vaults:3 | Killed Xtahua
 57854 | Vaults:3 | Acquired the ring of Quczaoj {+Blink rElec rPois rF+ Str+3}
 57910 | Vaults:3 | Found a staircase to the Crypt.
 58122 | Vaults:3 | You fall into a shaft and drop 1 floor!
 58176 | Vaults:4 | Found Yserru's Assorted Antiques.
 58200 | Vaults:4 | Bought a pair of faintly humming boots for 370 gold pieces
 58200 | Vaults:4 | Identified the +1 pair of boots of Focus {Drain +Inv
                  | Will+++ Stlth-} (You bought it in a shop on level 4 of the
                  | Vaults)
 58200 | Vaults:4 | Bought a scroll of vulnerability for 292 gold pieces
 58200 | Vaults:4 | Bought a scroll of magic mapping for 136 gold pieces
 59463 | Vaults:4 | Found Iduc's Armour Shoppe.
 59477 | Vaults:4 | Received a gift from Okawaru
 60525 | Vaults:5 | Entered Level 5 of the Vaults
 60528 | Vaults:5 | Noticed a dread lich
 60531 | Vaults:5 | Reached XP level 24. HP: 113/189 MP: 38/39
 60570 | Vaults:4 | Received a gift from Okawaru
 60841 | Vaults:5 | Killed a dread lich
 61020 | Vaults:5 | Noticed an ancient lich
 61027 | Vaults:5 | Killed an ancient lich
 61231 | Vaults:5 | Noticed an ancient lich
 61242 | Vaults:5 | Killed an ancient lich
 61242 | Vaults:5 | Received a gift from Okawaru
 61301 | Vaults:5 | Reached skill level 10 in Throwing
 61454 | Vaults:5 | Reached skill level 5 in Shields
 61552 | Vaults:5 | Identified the +5 fire dragon scales of the Vaults {Fly
                  | rF++ rC- Will++ Str+3 Slay-3}
 61744 | Vaults:5 | Received a gift from Okawaru
 61963 | Vaults:5 | Identified the +1 robe of the Butterfly {rElec rF+ rN+
                  | Int+3}
 62146 | Vaults:5 | Noticed an ancient lich
 62156 | Vaults:5 | Killed an ancient lich
 62157 | Vaults:5 | Reached XP level 25. HP: 197/197 MP: 40/40
 62249 | Vaults:5 | Learned a level 5 spell: Yara's Violent Unravelling
 62724 | Vaults:5 | Got a silver rune of Zot
 63209 | Crypt:1  | Entered Level 1 of the Crypt
 63888 | Crypt:1  | Gained mutation: You tend to lose your temper in combat.
                  | [mutagenic glow]
 64519 | Crypt:2  | Reached skill level 10 in Conjurations
 64779 | Crypt:2  | Reached skill level 16 in Fighting
 64780 | Crypt:2  | Received a gift from Okawaru
 65915 | Crypt:3  | Entered Level 3 of the Crypt
 65998 | Crypt:3  | Noticed Docw's ghost (legendary DETm)
 66084 | Crypt:3  | Identified the quicksilver dragon scales of Virtue {rN+
                  | Will+ Slay+2} (Okawaru gifted it to you on level 3 of the
                  | Crypt)
 66084 | Crypt:3  | Received a gift from Okawaru
 66085 | Crypt:3  | Reached skill level 10 in Earth Magic
 66478 | Crypt:3  | Found a staircase to the Tomb.
 67467 | Crypt:3  | Found a transporter.
 67763 | Crypt:3  | Found a transporter.
 68078 | Crypt:3  | Found an ancient bone altar of Kikubaaqudgha.
 68083 | Crypt:3  | Found a basalt altar of Yredelemnul.
 68187 | Crypt:3  | Identified the +8 falchion "Varaweal" {elec, +Rage rC+
                  | Int+2}
 68250 | Crypt:3  | Reached XP level 26. HP: 196/204 MP: 41/41
 68419 | Crypt:3  | Received a gift from Okawaru
 69020 | Crypt:3  | Identified the +0 leather armour of Eternity {Will+ MP+9
                  | Int+2 Dex-2}
 69048 | Crypt:3  | Identified the +4 pair of boots of Tualyirae {Fly rCorr
                  | Str+3}
 69101 | Crypt:3  | Killed Docw's ghost
 69561 | D:5      | Bought 13 stones for 15 gold pieces
 69561 | D:5      | Bought 16 stones for 19 gold pieces
 69561 | D:5      | Bought 16 stones for 19 gold pieces
 69664 | D:7      | Bought a scroll of magic mapping for 87 gold pieces
 69866 | Orc:2    | Bought 2 potions of heal wounds for 170 gold pieces
 69866 | Orc:2    | Bought a potion of heal wounds for 85 gold pieces
 69866 | Orc:2    | Bought 2 potions of curing for 102 gold pieces
 69866 | Orc:2    | Bought a potion of curing for 51 gold pieces
 69866 | Orc:2    | Bought a potion of curing for 51 gold pieces
 69866 | Orc:2    | Bought a potion of mutation for 136 gold pieces
 69870 | Orc:2    | Bought a potion of might for 132 gold pieces
 69870 | Orc:2    | Bought a scroll of teleportation for 99 gold pieces
 70218 | Zot:1    | Entered Level 1 of the Realm of Zot
 70769 | Zot:1    | Reached skill level 10 in Shields
 71173 | Zot:1    | Reached skill level 10 in Hexes
 71228 | Zot:1    | Received a gift from Okawaru
 71230 | Zot:1    | Identified the +3 falchion of Guilt {vorpal, rC+}
 71757 | Zot:2    | Noticed a juggernaut
 71953 | Zot:2    | Received a gift from Okawaru
 72193 | Zot:2    | Killed a juggernaut
 72343 | Zot:2    | Reached skill level 15 in Transmutations
 72538 | Zot:2    | Received a gift from Okawaru
 72627 | Zot:3    | Gained mutation: You are frail. (-10% HP) [mutagenic glow]
 72843 | Zot:2    | Received a gift from Okawaru
 73097 | Zot:2    | Received a gift from Okawaru
 73256 | Zot:2    | Noticed an orb of fire
 73257 | Zot:2    | Gained mutation: Armour fits poorly on your strangely
                  | shaped body. [an orb of fire]
 73263 | Zot:2    | Killed an orb of fire
 73302 | Zot:2    | Reached skill level 15 in Spellcasting
 74072 | Zot:2    | Reached XP level 27. HP: 189/189 MP: 42/42
 75480 | Zot:3    | Reached skill level 15 in Throwing
 75612 | Zot:3    | Received a gift from Okawaru
 76834 | Zot:3    | Identified the +8 short sword "Oneigiut" {vorpal, +Rage
                  | rF++ Dex+5} (Okawaru gifted it to you on level 3 of the
                  | Realm of Zot)
 76834 | Zot:3    | Received a gift from Okawaru
 78609 | Zot:4    | Received a gift from Okawaru
 79089 | Zot:4    | Reached skill level 15 in Shields
 79292 | Zot:4    | Received a gift from Okawaru
 80521 | Zot:5    | Entered Level 5 of the Realm of Zot
 80534 | Zot:5    | Received a gift from Okawaru
 80696 | Zot:5    | Found Kunetwae's Changing Room.
 80715 | Zot:5    | Bought a potion of mutation for 216 gold pieces
 80715 | Zot:5    | Bought a wand of polymorph (13) for 405 gold pieces
 80715 | Zot:5    | Bought a wand of polymorph (5) for 189 gold pieces
 80874 | Zot:5    | Identified the +0 scale mail "Buemuar" {Contam Str+7 Dex+3}
 81045 | Zot:4    | Received a gift from Okawaru
 82801 | Zot:5    | Found Kunetwae's Changing Room.
 82874 | Zot:5    | Noticed an orb of fire
 82878 | Zot:5    | Gained mutation: Your magical capacity is low. (-10% MP)
                  | [an orb of fire]
 82889 | Zot:5    | Gained mutation: You are occasionally teleported next to
                  | monsters. [an orb of fire]
 82891 | Zot:5    | Gained mutation: You occasionally shout uncontrollably at
                  | your foes. [an orb of fire]
 82892 | Zot:5    | Killed an orb of fire
 83019 | Zot:4    | Lost mutation: You are frail. (-10% HP) [potion of
                  | mutation]
 83019 | Zot:4    | Lost mutation: Armour fits poorly on your strangely shaped
                  | body. [potion of mutation]
 83019 | Zot:4    | Gained mutation: You are robust. (+10% HP) [potion of
                  | mutation]
 83019 | Zot:4    | Gained mutation: You have sharp toenails. [potion of
                  | mutation]
 83019 | Zot:4    | Gained mutation: You are strong-willed. (Will+) [potion of
                  | mutation]
 83020 | Zot:4    | Lost mutation: You are robust. (+10% HP) [potion of
                  | mutation]
 83020 | Zot:4    | Lost mutation: You tend to lose your temper in combat.
                  | [potion of mutation]
 83020 | Zot:4    | Lost mutation: You have sharp toenails. [potion of
                  | mutation]
 83020 | Zot:4    | Gained mutation: You frequently scream uncontrollably at
                  | your foes. [potion of mutation]
 83020 | Zot:4    | Lost mutation: You frequently scream uncontrollably at your
                  | foes. [potion of mutation]
 83020 | Zot:4    | Gained mutation: You are resistant to electric shocks.
                  | (rElec) [potion of mutation]
 83021 | Zot:4    | Lost mutation: Your magical capacity is low. (-10% MP)
                  | [potion of mutation]
 83021 | Zot:4    | Lost mutation: You occasionally shout uncontrollably at
                  | your foes. [potion of mutation]
 83021 | Zot:4    | Gained mutation: Armour fits poorly on your strangely
                  | shaped body. [potion of mutation]
 83021 | Zot:4    | Gained mutation: Your flesh is cold resistant. (rC+)
                  | [potion of mutation]
 83021 | Zot:4    | Gained mutation: Your spells are a little easier to cast,
                  | but a little less powerful. [potion of mutation]
 83022 | Zot:4    | Lost mutation: Armour fits poorly on your strangely shaped
                  | body. [potion of mutation]
 83022 | Zot:4    | Lost mutation: You are resistant to electric shocks.
                  | (rElec) [potion of mutation]
 83022 | Zot:4    | Gained mutation: You are partially covered in iridescent
                  | scales. (AC +2) [potion of mutation]
 83022 | Zot:4    | Gained mutation: Your flesh is very cold resistant. (rC++)
                  | [potion of mutation]
 83023 | Zot:4    | Lost mutation: You are partially covered in iridescent
                  | scales. (AC +2) [potion of mutation]
 83023 | Zot:4    | Lost mutation: Your spells are a little easier to cast, but
                  | a little less powerful. [potion of mutation]
 83023 | Zot:4    | Lost mutation: You are strong-willed. (Will+) [potion of
                  | mutation]
 83023 | Zot:4    | Gained mutation: Your spells are a little harder to cast,
                  | but a little more powerful. [potion of mutation]
 83023 | Zot:4    | Gained mutation: Your body sometimes deteriorates upon
                  | taking damage. [potion of mutation]
 83023 | Zot:4    | Gained mutation: You possess an exceptional clarity of
                  | mind. [potion of mutation]
 83024 | Zot:4    | Lost mutation: Your body sometimes deteriorates upon taking
                  | damage. [potion of mutation]
 83024 | Zot:4    | Lost mutation: Your spells are a little harder to cast, but
                  | a little more powerful. [potion of mutation]
 83024 | Zot:4    | Gained mutation: You are clumsy. (Dex -2) [potion of
                  | mutation]
 83024 | Zot:4    | Gained mutation: Your flesh is almost immune to the effects
                  | of cold. (rC+++) [potion of mutation]
 83025 | Zot:4    | Lost mutation: You are clumsy. (Dex -2) [potion of
                  | mutation]
 83025 | Zot:4    | Lost mutation: You possess an exceptional clarity of mind.
                  | [potion of mutation]
 83025 | Zot:4    | Gained mutation: Your spells are a little harder to cast,
                  | but a little more powerful. [potion of mutation]
 83025 | Zot:4    | Gained mutation: Your system is resistant to poisons.
                  | (rPois) [potion of mutation]
 83026 | Zot:4    | Lost mutation: Your spells are a little harder to cast, but
                  | a little more powerful. [potion of mutation]
 83026 | Zot:4    | Lost mutation: You are occasionally teleported next to
                  | monsters. [potion of mutation]
 83026 | Zot:4    | Lost mutation: Your flesh is almost immune to the effects
                  | of cold. (rC+++) [potion of mutation]
 83026 | Zot:4    | Gained mutation: You are frail. (-10% HP) [potion of
                  | mutation]
 83138 | Zot:5    | Noticed an orb of fire
 83151 | Zot:5    | Gained mutation: You have sharp toenails. [an orb of fire]
 83155 | Zot:5    | Killed an orb of fire
 83155 | Zot:5    | Received a gift from Okawaru
 83172 | Zot:5    | Noticed an ancient lich
 83185 | Zot:5    | Killed an ancient lich
 83186 | Zot:5    | Reached skill level 17 in Fighting
 83214 | Zot:5    | Noticed an ancient lich
 83224 | Zot:5    | Killed an ancient lich
 83322 | Zot:5    | Noticed an ancient lich
 83337 | Zot:5    | Killed an ancient lich
 83342 | Zot:5    | Noticed a dread lich
 83360 | Zot:5    | Killed a dread lich
 83360 | Zot:5    | Received a gift from Okawaru
 83361 | Zot:5    | Reached skill level 18 in Fighting
 83383 | Zot:5    | Got the Orb of Zot
 83393 | Zot:5    | Noticed an orb of fire
 83400 | Zot:5    | Noticed an ancient lich
 83400 | Zot:5    | Noticed a dread lich
 83401 | Zot:5    | Noticed a dread lich
 83401 | Zot:5    | Noticed a dread lich
 83467 | Zot:4    | Gained mutation: Armour fits poorly on your strangely
                  | shaped body. [mutagenic glow]
 83525 | Zot:3    | Gained mutation: You tend to lose your temper in combat.
                  | [mutagenic glow]
 83643 | Zot:2    | Noticed Bicousael the pandemonium lord
 83777 | Depths:3 | Noticed Omuyhuw the pandemonium lord
 84029 | D:9      | Noticed Jutewocsa the pandemonium lord
 84245 | D:$      | Escaped with the Orb!

Illustrated notes

Levels and vault maps discovered:
D:1:      minmay_arrival_three_doors, layout_rooms, nrook_campfire,
          grunt_decor_resistance, minmay_hexomino_c4
D:2:      layout_basic
D:3:      minmay_goblin_kobold_castle, layout_rooms,
          ebering_ecumenical_altar_petrified
D:4:      layout_loops_ring, minmay_box_of_dots
D:5:      layout_cave_pods, lightli_sewer_entry_pipes, serial_shops, shop,
          kennysheep_little_box, kennysheep_minor_cross, uniq_eustachio
D:6:      layout_basic, kb_lookout_dungeons_type
D:7:      layout_loops_ring, minmay_temple_entry_waves, serial_shops,
          nicolae_shop_overgrown_old_shop, uniq_joseph
D:8:      layout_loops_ring, gammafunk_temple_overflow_statue,
          ashenzari_altar_1, serial_shops, nicolae_shop_trees,
          uniq_prince_ribbit1, uniq_psyche, uniq_erica, uniq_pikel
D:9:      layout_roguey, uniq_grum
D:10:     layout_cave_pods, regret_index_temple_of_mockery, david_lair_shrubbed,
          uniq_maurice
D:11:     layout_roguey, minmay_orc_entry_temple_small,
          portal_ice_cave_entry_imps, fedhas_altar_fruit_tree
D:12:     layout_basic, serial_shops, kennysheep_mini, shop,
          nicolae_stop_n_shop_2, nicolae_shop_window_shopping, special_room
          [special_room_bee]
D:13:     layout_cave_pods, david_vaults_2, nicolae_trove_entry_free_sample,
          enter_bailey_2
D:14:     layout_cave_pools
D:15:     gammafunk_enter_depths_forms, layout_basic,
          minmay_misc_feat_secret_circle
Temple:   minmay_crystal_spiral_temple
Lair:1:   layout_roguey, ebering_ghost_xom, minmay_lair_oklob_chamber,
          infiniplex_staircase_pool, serial_bayou_shore_b, grunt_megastairs_5
Lair:2:   layout_cave_pods, uniq_urug
Lair:3:   dpeg_oklob_gauntlet, layout_loops_ring, spider_nest_entry_web_field,
          nicolae_volcano_entry_batcave, wad_woods_river_01, uniq_rupert
Lair:4:   layout_regular_city, skrybe_swamp_entry_bodies,
          small_statue_intersection, grunt_megastairs_4, uniq_nergalle
Lair:5:   layout_loops_ring, minmay_hedge_maze, chequers_serial_rivers_marsh,
          grunt_megastairs_1, uniq_kirke
Lair:6:   minmay_lair_end_enchanted_forest, layout_misc_corridors,
          minmay_slime_entry_pillars
Swamp:1:  layout_falls_marsh, nicolae_swamp_bean_lake,
          infiniplex_staircase_pool_2, uniq_nikola
Swamp:2:  layout_basic_swamp, serial_swamp_ruin, evilmike_swamp_ruin_rubble_1,
          hangedman_swamp_ruin_wall, evilmike_swamp_ruin_rubble_2, uniq_roxanne
Swamp:3:  layout_basic_swamp, evilmike_swamp_ruin_house_4, swamp_pool4,
          hangedman_swamp_pad, uniq_jorgrun
Swamp:4:  swamp_vile, layout_basic_swamp, swamp_pool2, nzn_swamp_dancing_lights
Spider:1: layout_spider_delve, uniq_agnes
Spider:2: layout_spider_delve
Spider:3: layout_spider_delve
Spider:4: grunt_spider_rune_parallel
Orc:1:    layout_caves, ebering_ghost_disaster_area, bh_open_orc_temple,
          uniq_josephine
Orc:2:    grunt_orc_tribal_feast, layout_diamond_mine
Elf:1:    layout_geoelf_grid, serial_glass, glass_columns_b, glass_columns_b,
          glass_columns_a, glass_columns_c, feat_on_display,
          hangedman_corner_corridor
Elf:2:    layout_geoelf_grid, serial_shops, shop, fountainhead
Elf:3:    minmay_elf_hall_curves, layout_geoelf_grid, lemuel_flame_loot_1
Vaults:1: nicolae_vaults_circle_grid_b, ontoclasm_vaults_fault,
          nicolae_vaults_circle_grid_b, v_misc_12,
          nicolae_vaults_border_crossing, grunt_vaults_funnel,
          vaults_room_pools, v_misc_12, nicolae_vaults_big_ls,
          vaults_dpeg_hooks, ontoclasm_vaults_gateway, layout_vaults_omnibox
Vaults:2: v_misc_9, vaults_room_hallway, vaults_room_grid, serial_ice_g,
          v_misc_25, nicolae_vaults_sealed_display, vaults_dpeg_diagonal,
          v_misc_26, nicolae_vaults_asterisk, nicolae_vaults_little_squares_5,
          layout_vaults_big_room
Vaults:3: vaults_room_ringed_pool, vaults_dpeg_ring,
          nicolae_vaults_network_star, vaults_room_grunt_arrival_checkpoint,
          grunt_vaults_hallway_long, v_alt_pattern_4, v_misc_32,
          minmay_crypt_entry_simple_sparse, nicolae_vaults_little_squares_1,
          layout_vaults_omnigrid, uniq_xtahua
Vaults:4: v_misc_19, vaults_room_hallway, nicolae_vaults_puzzle_piece,
          nicolae_vaults_stairing_the_circle, ontoclasm_vaults_ring_large,
          nicolae_vaults_three_branches, v_misc_4, nicolae_vaults_circle_grid_b,
          grunt_vaults_trifunnel, nicolae_vaults_alarming,
          vaults_dpeg_encased_lava, layout_vaults_ring, serial_shops, shop,
          nicolae_diamond_shop
Vaults:5
Crypt:1:  layout_gridlike
Crypt:2:  layout_basic
Crypt:3:  lightli_unholy_cathedral, layout_chaotic_city,
          gammafunk_ghost_abyssal_escape
Depths:1: layout_gridville, enter_ziggurat_a, lemuel_tele_altar, hellmouth_3,
          xom_redecorated
Depths:2: minmay_cut_squares, layout_gridlike, hell_entry,
          makhleb_altar_promises_db, uniq_enchantress
Depths:3: lemuel_firewalk_3, layout_honeycomb, rand_demon_pan_entry_7,
          serial_sigils, serial_sigils_hangedman_leer,
          serial_sigils_hangedman_etch, serial_sigils_hangedman_confine,
          serial_sigils_hangedman_writhe, serial_sigils_hangedman_scratch,
          hell_entry, minmay_variable_closet, infiniplex_staircase_squiggle,
          serial_bayou_shore_b
Depths:4: grunt_house_of_mirrors, layout_cave_pools, hell_entry,
          roderic_lattice_a, abyss_entry, infiniplex_staircase_spiral
Depths:5: grunt_zot_entry_alcove, layout_cave_shapes, corexii_hall_statues_l,
          hell_entry, rand_demon_pan_entry_4, grunt_ministairs_10
Zot:1:    kennysheep_room_grid, layout_basic
Zot:2:    ebering_greatest_show_in_zot, layout_cathedral_of_symmetry,
          grunt_megastairs_2, lemuel_elevator
Zot:3:    layout_cathedral_of_symmetry
Zot:4:    layout_basic
Zot:5:    layout_gridlike, nicolae_transmutations_shop, grunt_ministairs_13

Skill      XL: |  1  2  3  4  5  6  7  8  9 10 11 12 13 14 15 16 17 18 19 20 21 22 23 24 25 26 27 |
---------------+----------------------------------------------------------------------------------+-----
Slings         | 2 3 4 5 7 8 9 11 12 13 14 15 | 15.7
Fighting       | 1 2 3 4 5 6 7 9 10 12 13 14 15 16 18 | 18.0
Armour         | 1 2 3 5 6 7 8 10 11 12 13 14 | 14.0
Dodging        | 3 5 7 10 12 13 14 15 | 15.0
Evocations     | 3 5 7 9 10 12 13 14 | 14.0
Invocations    | 4 5 6 7 8 11 13 14 15 | 15.3
Shields        | 4 6 9 12 15 | 15.0
Hexes          | 5 8 10 | 10.0
Translocations | 1 4 6 7 |  7.0
Spellcasting   | 2 7 9 10 11 12 13 14 15 | 15.0
Transmutations | 5 8 10 12 13 14 15 | 15.0
Earth Magic    | 3 5 6 8 9 10 | 10.0
Conjurations   | 3 6 7 8 9 10 | 10.0
Throwing       | 4 8 11 12 14 17 | 17.9

Action                   |  1- 3 |  4- 6 |  7- 9 | 10-12 | 13-15 | 16-18 | 19-21 | 22-24 | 25-27 || total
-------------------------+-------+-------+-------+-------+-------+-------+-------+-------+-------++-------
Melee: Dagger            |       |     6 |       |       |       |       |       |       |       ||     6
       Spear             |       |     4 |       |       |       |       |       |       |       ||     4
       Rapier            |       |       |       |    34 |       |       |       |       |       ||    34
       Long sword        |       |       |       |    65 |    16 |       |       |       |       ||    81
       Bite              |       |       |       |    15 |     3 |       |       |       |       ||    18
       Scimitar          |       |       |       |     8 |       |       |       |       |       ||     8
       Punch             |       |       |       |     1 |     1 |       |       |       |       ||     2
 Fire: Hunting sling     |   153 |   286 |   653 |  1307 |  1068 |  1930 |   421 |       |       ||  5818
       Fustibalus        |       |       |       |       |   809 |    30 |  1096 |  1564 |  2308 ||  5807
Throw: Dart              |     7 |    22 |    27 |   102 |     6 |     2 |       |     1 |     2 ||   169
       Throwing net      |       |     1 |       |       |       |       |       |     1 |     2 ||     4
       Boomerang         |       |       |       |    22 |       |       |       |     1 |       ||    23
       Javelin           |       |       |       |     2 |     9 |       |    10 |     7 |    20 ||    48
 Cast: Corona            |       |     8 |     6 |       |       |       |       |       |       ||    14
       Apportation       |       |       |       |       |       |       |    29 |     1 |    37 ||    67
       Blink             |       |       |       |       |       |       |     1 |     2 |    15 ||    18
       Irradiate         |       |       |       |       |       |       |       |    18 |   244 ||   262
       Yara's Violent Un |       |       |       |       |       |       |       |       |    16 ||    16
       Passwall          |       |       |       |       |       |       |       |       |     4 ||     4
Invok: Heroism           |       |       |       |    40 |    11 |     3 |     4 |     3 |     5 ||    66
       Finesse           |       |       |       |       |     6 |     8 |     9 |    11 |     7 ||    41
Evoke: Tin of tremorston |       |       |     3 |     2 |     6 |    11 |    11 |    17 |    15 ||    65
       Wand              |       |       |     8 |    27 |    24 |     8 |     9 |     3 |    37 ||   116
       Condenser vane    |       |       |       |       |     3 |     6 |     9 |    13 |     9 ||    40
       Box of beasts     |       |       |       |       |     1 |       |       |       |     1 ||     2
       Lightning rod     |       |       |       |       |       |     9 |    12 |    25 |    13 ||    59
       Phial of floods   |       |       |       |       |       |       |     2 |     2 |       ||     4
       Phantom mirror    |       |       |       |       |       |       |       |       |     2 ||     2
  Use: Scroll            |       |     2 |     7 |    10 |    19 |     4 |     2 |     8 |    34 ||    86
       Potion            |       |       |       |     2 |     2 |       |     3 |       |    25 ||    32
Armor: Robe              |    12 |       |       |       |       |       |       |       |       ||    12
       Leather armour    |       |    30 |     1 |       |       |       |       |       |       ||    31
       Ring mail         |       |       |    46 |       |       |       |       |       |       ||    46
       Scale mail        |       |       |   101 |   361 |   222 |   170 |   149 |    89 |    38 ||  1130
       Chain mail        |       |       |       |       |    11 |       |       |       |       ||    11
       Quicksilver drago |       |       |       |       |       |       |       |       |   254 ||   254
Dodge: Dodged            |    40 |    63 |   183 |   543 |   280 |   407 |   294 |   314 |   583 ||  2707
Block: Buckler           |       |       |       |       |    46 |   334 |   251 |   253 |    18 ||   902
       Reflection        |       |       |       |       |       |    16 |     8 |    54 |    13 ||    91
       Kite shield       |       |       |       |       |       |       |       |       |   768 ||   768
       Rpst.: Long sword |       |       |       |    16 |     3 |       |       |       |       ||    19
       Scimitar          |       |       |       |     4 |       |       |       |       |       ||     4

Table legend: (Time is in decaauts)
 A = Elapsed time spent in this place.
 B = Non-inter-level travel time spent in this place.
 C = Inter-level travel time spent in this place.
 D = Time resting spent in this place.
 E = Time spent auto-exploring this place.
 F = Levels seen in this place.
 G = Mean time per level.
                   A        B        C        D        E       F      G
               +--------+--------+--------+--------+--------+-----+--------+
         Total |  80830 |  73831 |   6999 |   3098 |  50219 |  57 | 1418.1 |
       Dungeon |  20016 |  17153 |   2863 |    930 |  11114 |  15 | 1334.4 |
        Temple |    200 |    115 |     85 |      0 |    114 |   1 |  200.0 |
          Lair |   7175 |   6618 |    557 |     36 |   4952 |   6 | 1195.8 |
         Swamp |   4501 |   4264 |    237 |     95 |   3256 |   4 | 1125.2 |
   Spider Nest |   4691 |   4379 |    312 |    138 |   3191 |   4 | 1172.8 |
  Orcish Mines |   2693 |   2043 |    650 |     26 |   1419 |   2 | 1346.5 |
   Elven Halls |   4244 |   3781 |    463 |    151 |   2551 |   3 | 1414.7 |
        Vaults |   8170 |   7583 |    587 |    168 |   5021 |   5 | 1634.0 |
         Crypt |   5928 |   5638 |    290 |     33 |   4021 |   3 | 1976.0 |
        Depths |   8058 |   7487 |    571 |    187 |   5248 |   5 | 1611.6 |
           Zot |  12551 |  12170 |    381 |    938 |   8391 |   5 | 2510.2 |
         Sewer |    472 |    472 |      0 |    156 |    209 |   1 |  472.0 |
        Bailey |    397 |    397 |      0 |      8 |    205 |   1 |  397.0 |
      Ice Cave |   1337 |   1337 |      0 |     82 |    524 |   1 | 1337.0 |
       Volcano |    390 |    390 |      0 |    145 |      0 |   1 |  390.0 |
               +--------+--------+--------+--------+--------+-----+--------+

Top non-repeatable levels by time:
   Zot:3: 3456 daAuts
 Crypt:3: 3201 daAuts
   Zot:2: 2828 daAuts
     D:5: 2669 daAuts
   Zot:5: 2584 daAuts
Vaults:5: 2205 daAuts
   Zot:4: 2036 daAuts
Depths:3: 1800 daAuts
   Elf:3: 1790 daAuts
Depths:1: 1778 daAuts
Depths:5: 1754 daAuts
Vaults:3: 1666 daAuts
    D:15: 1666 daAuts
   Zot:1: 1645 daAuts
    D:10: 1630 daAuts
